 Dungeon Crawl Stone Soup version 0.25-a0-513-ge77a69270c (webtiles) character file.

Game seed: 2515713161383197056, levelgen mode: deterministic

24035 Emblim88 the Spry (level 12, -2/69 HPs)
             Began as a Spriggan Berserker on Feb 16, 2020.
             Was an Elder of Trog.
             Slain by a hell knight
             ... wielding a +2 long sword of flaming
              (25 damage)
             ... on level 12 of the Dungeon.
             The game lasted 01:03:20 (18268 turns).

Emblim88 the Spry (Spriggan Berserker)             Turns: 18268, Time: 01:03:21

Health: -2/69      AC:  5    Str: 14    XL:     12   Next: 77%
Magic:  21/21      EV: 34    Int:  9    God:    Trog [****..]
Gold:   567        SH:  0    Dex: 19    Spells: 11/11 levels left

rFire    . . .     SeeInvis +   G - +0 shortbow (flame)
rCold    . . .     Gourm    .   (shield currently unavailable)
rNeg     . . .     Faith    .   v - +2 robe {MR+}
rPois    .         Spirit   .   (helmet restricted)
rElec    .         Reflect  .   r - +0 cloak
rCorr    .         Harm     .   (gloves unavailable)
MR       ++++.                  (boots unavailable)
Stlth    +++.......             R - amulet of regeneration
HPRegen  0.61/turn              J - ring of stealth
MPRegen  0.17/turn              p - ring of protection from magic

@: flying, very quick
A: very small, unfitting armour, see invisible, herbivore, speed 3, slow
metabolism 2
a: Berserk, Trog's Hand, Brothers in Arms, Renounce Religion


You were on level 12 of the Dungeon.
You worshipped Trog.
Trog was greatly pleased with you.
You were very hungry.

You visited 1 branch of the dungeon, and saw 12 of its levels.

You collected 804 gold pieces.
You spent 237 gold pieces at shops.

Inventory:

Hand Weapons
 e - a +1 dagger of venom
 t - a +4 antimagic lajatang
 u - a +4 short sword of flaming
 G - a +0 shortbow of flaming (weapon)
Missiles
 o - 4 atropa-tipped darts
 H - 23 arrows (quivered)
 L - 25 poisoned darts
Armour
 r - a +0 cloak (worn)
 v - a +2 robe of magic resistance (worn)
Jewellery
 m - an uncursed ring of protection from cold
 p - a ring of protection from magic (right hand)
 x - an uncursed ring of protection from cold
 J - a ring of stealth (left hand)
 R - an amulet of regeneration (around neck)
Wands
 y - a wand of enslavement (2)
 E - a wand of paralysis (9)
 K - a wand of flame (15)
 P - a wand of digging (5)
Scrolls
 a - a scroll of silence {unknown}
 b - 2 scrolls of blinking {unknown}
 f - 3 scrolls of random uselessness {unknown}
 h - 6 scrolls of remove curse
 l - 3 scrolls of magic mapping
 s - 8 scrolls of teleportation
 w - 3 scrolls of enchant armour {unknown}
 C - a scroll of noise {unknown}
 I - a scroll of acquirement {unknown}
 M - a scroll of summoning
 N - a scroll of fear
Potions
 d - a potion of magic {unknown}
 i - 6 potions of curing
 j - 3 potions of lignification
 k - a potion of mutation
 n - 2 potions of flight
 z - a potion of berserk rage {unknown}
 A - 2 potions of heal wounds {unknown}
 B - a potion of invisibility {unknown}
 D - 2 potions of haste {unknown}
 F - 2 potions of brilliance {unknown}
 O - a potion of resistance {unknown}
Miscellaneous
 q - a box of beasts
Comestibles
 c - 14 rations


   Skills:
 * Level 10.8 Fighting
 + Level 10.2 Short Blades
   Level 2.6 Slings
 - Level 3.4 Bows
 * Level 17.0 Dodging
 - Level 0.1 Stealth
 + Level 10.8 Evocations


You had 11 spell levels left.
You didn't know any spells.
Your spell library was empty.

Dungeon Overview and Level Annotations

Branches:
Dungeon (12/15)            Temple (0/1) D:4            Lair (0/6) D:10
    Orc (0/2) D:10

Altars:
Cheibriados
Dithmenos
Gozag
Hepliaklqana
Makhleb
Okawaru
Qazlal
Trog
Vehumet
Xom
The Shining One

Shops:
D:5 *   D:12 [

Annotations:
D:9 3 runed translucent doors, patman's ghost, novice GnMo


Innate Abilities, Weirdness & Mutations

You are very small and have problems with some larger weapons.
You are too small for most types of armour.
You have supernaturally acute eyesight. (SInv)
You are a herbivore.
You cover ground extremely quickly.
You need to consume almost no food.


Message History

You are too injured to fight recklessly!
You are too injured to fight recklessly!
You are too injured to fight recklessly!
You are too injured to fight recklessly!
You are too injured to fight recklessly!
You are too injured to fight recklessly!
You are too injured to fight recklessly!
You are too injured to fight recklessly!
You are too injured to fight recklessly!
You are too injured to fight recklessly!
You are too injured to fight recklessly!
You are too injured to fight recklessly!
You are too injured to fight recklessly!
You are too injured to fight recklessly!
The hell knight mumbles some strange words.
The hell knight blinks!
You feel very buoyant.
You fly up into the air.
The hell knight hits you with a +2 long sword of flaming!!
You die...

..............#.#... #.#..[.†.
.########'##..#.#.# #.#.#####
.# #......#.≈(# #.#.# .#
#.....)#.≈(# #<#.#
.#######....≈.#(≈(# #.#.#
.#....##...≈≈.#§#p# #.#.#
.#....##....≈.#.#... #.#.#
.#....##.>....#p#########.#.##
>.....+.......#.@§§§§.§...#..#
.≈....###.###.####§§§≈§####..#
.≈....# #.# #......§§§§......#
.≈....# #.# ######.###....##.#
≈≈....# #.# #..##.......#
≈≈≈#### #.# ##.##....#### ≈≈≈#
#.#### #.##....### ≈≈≈# #....#
#..#......# ≈≈≈# #....#
##.#......#


You could see a hell knight.

Vanquished Creatures
  Harold (D:9)
  3 two-headed ogres
  2 death yaks
  3 hell knights (D:12)
  An unseen horror (D:11)
  A necromancer (D:12)
  Psyche (D:12)
  A gargoyle (D:11)
  5 trolls
  2 hornets
  Grinder (D:6)
  8 slime creatures (D:12)
  A hippogriff (D:10)
  A meliai zombie (D:11)
  Sigmund (D:2)
  A vampire (D:11)
  A water elemental (D:12)
  Eustachio (D:6)
  Grum (D:11)
  33 yaks
  4 hungry ghosts
  2 vampire mosquitoes (D:12)
  Edmund (D:5)
  2 soldier ants (D:8)
  A two-headed ogre zombie (D:10)
  Duvessa (D:5)
  4 hell hounds (D:12)
  4 orc warriors
  4 ice beasts
  3 phantoms
  A hornet zombie (D:8)
  3 sky beasts
  5 ogres
  2 wolves (D:11)
  7 centaurs
  A crocodile (D:11)
  2 big kobolds
  A wyvern zombie (D:7)
  9 bullfrogs
  Dowan (D:5)
  A scorpion (D:5)
  2 troll zombies (D:10)
  17 killer bees
  An electric eel (D:12)
  5 crimson imps
  2 centaur zombies
  4 bullfrog zombies
  4 hounds
  Crazy Yiuf (D:3)
  5 orc priests
  A jelly (D:12)
  2 centaur skeletons
  4 iguanas
  3 bullfrog skeletons
  Natasha (thrice) (D:2)
  8 orc wizards
  5 worker ants
  5 ogre zombies (D:10)
  A hound zombie (D:8)
  A worker ant zombie (D:10)
  2 howler monkey skeletons
  5 gnolls
  9 adders
  3 shadow imps
  9 oozes
  An adder skeleton (D:8)
  3 worms
  2 dart slugs
  4 leopard geckos
  24 orcs
  A ball python (D:1)
  13 bats
  7 giant cockroaches
  8 goblins
  4 hobgoblins
  13 jackals
  8 quokkas
  7 frilled lizards
  A goblin skeleton (D:10)
  6 goblin zombies (D:10)
  3 hobgoblin skeletons (D:10)
  3 hobgoblin zombies (D:10)
  A jackal skeleton (D:7)
  17 kobolds
  A leopard gecko zombie (D:5)
  2 orc skeletons (D:10)
  10 orc zombies (D:10)
  11 rats
380 creatures vanquished.

Vanquished Creatures (collateral kills)
  A necromancer (D:12)
  A hell hound (D:12)
2 creatures vanquished.

Vanquished Creatures (others)
  A slime creature (D:12)
  A hell hound (D:12)
  A gnoll (D:5)
  A kobold (D:2)
  2 fungi (D:9)
  2 plants (D:9)
8 creatures vanquished.

Grand Total: 390 creatures vanquished

Notes
Turn   | Place    | Note
-------+----------+-------------------------------------------
     0 | D:1      | Emblim88 the Spriggan Berserker began the quest for the
                  | Orb.
     0 | D:1      | Reached XP level 1. HP: 11/11 MP: 2/2
     1 | D:1      | Found a runed translucent door.
    13 | D:1      | Found a shadowy altar of Dithmenos.
   295 | D:1      | Reached XP level 2. HP: 16/16 MP: 3/3
   487 | D:1      | Reached skill level 5 in Dodging
   898 | D:1      | Reached XP level 3. HP: 16/19 MP: 4/4
   911 | D:1      | Reached ** piety under Trog
   926 | D:1      | Reached XP level 4. HP: 13/24 MP: 5/5
  1435 | D:2      | Found a shimmering altar of Xom.
  1450 | D:2      | Found a shimmering altar of Xom.
  1452 | D:2      | Noticed Sigmund
  1476 | D:2      | Killed Sigmund
  1476 | D:2      | Reached skill level 7 in Dodging
  1476 | D:2      | Reached XP level 5. HP: 29/29 MP: 6/6
  1518 | D:2      | Found a shimmering altar of Xom.
  1524 | D:2      | Found a shimmering altar of Xom.
  1524 | D:2      | Found a shimmering altar of Xom.
  1524 | D:2      | Found a shimmering altar of Xom.
  1526 | D:2      | Found a shimmering altar of Xom.
  1621 | D:2      | Noticed Natasha
  1633 | D:2      | Killed Natasha
  1633 | D:2      | Reached XP level 6. HP: 15/33 MP: 7/7
  2013 | D:2      | Noticed Natasha
  2022 | D:2      | Killed Natasha
  2185 | D:2      | Found a radiant altar of Vehumet.
  2241 | D:2      | Found a burning altar of Makhleb.
  2243 | D:2      | Found a bloodstained altar of Trog.
  2415 | D:2      | Noticed Natasha
  2425 | D:2      | Killed Natasha
  2575 | D:3      | Reached skill level 1 in Evocations
  2590 | D:3      | Reached *** piety under Trog
  2830 | D:3      | Found a runed translucent door.
  2831 | D:3      | Noticed Crazy Yiuf
  3261 | D:3      | Killed Crazy Yiuf
  3443 | D:4      | Found a staircase to the Ecumenical Temple.
  3468 | D:4      | Noticed an orc warrior
  3486 | D:4      | Killed an orc warrior
  3486 | D:4      | Reached skill level 8 in Dodging
  3486 | D:4      | Reached XP level 7. HP: 38/38 MP: 9/9
  3508 | D:4      | Reached skill level 5 in Short Blades
  3576 | D:4      | Found a snail-covered altar of Cheibriados.
  3680 | D:4      | Found a glowing golden altar of the Shining One.
  3758 | D:5      | Entered Level 5 of the Dungeon
  3777 | D:5      | Noticed Edmund
  3801 | D:5      | Killed Edmund
  3924 | D:5      | Reached skill level 5 in Fighting
  3938 | D:5      | Found Helafuebb's Assorted Antiques.
  3968 | D:5      | Bought a curved ivory wand for 120 gold pieces
  4077 | D:5      | Reached **** piety under Trog
  4077 | D:5      | Reached skill level 9 in Dodging
  4138 | D:5      | Reached XP level 8. HP: 24/43 MP: 11/11
  4501 | D:5      | Found a hazy altar of Hepliaklqana.
  5071 | D:5      | Found a stormy altar of Qazlal.
  5071 | D:5      | Noticed Duvessa
  5071 | D:5      | Noticed Dowan
  5079 | D:5      | Killed Dowan
  5126 | D:5      | Killed Duvessa
  5343 | D:6      | Reached skill level 10 in Dodging
  5784 | D:6      | Found an opulent altar of Gozag.
  5863 | D:6      | Noticed Eustachio
  5885 | D:6      | Killed Eustachio
  5885 | D:6      | Reached skill level 1 in Slings
  5964 | D:6      | Reached skill level 5 in Evocations
  5969 | D:6      | Reached XP level 9. HP: 26/49 MP: 13/13
  6202 | D:6      | Noticed Grinder
  6253 | D:6      | Killed Grinder
  6970 | D:6      | Reached skill level 11 in Dodging
  7543 | D:7      | You fall into a shaft and drop 3 floors!
  7543 | D:10     | Entered Level 10 of the Dungeon
  7543 | D:10     | Found a runed translucent door.
  7544 | D:10     | Noticed a two-headed ogre
  7548 | D:10     | Noticed a troll
  7961 | D:9      | Noticed Harold
  7996 | D:9      | Killed Harold
  7996 | D:9      | Reached skill level 12 in Dodging
  8373 | D:8      | Noticed a two-headed ogre
  8389 | D:8      | Noticed a two-headed ogre
  8460 | D:9      | Noticed a troll
  8476 | D:8      | Paralysed by a hornet for 2 turns
  8496 | D:8      | Reached XP level 10. HP: 27/55 MP: 15/15
  9245 | D:8      | Found an iron altar of Okawaru.
  9509 | D:8      | Killed a two-headed ogre
  9549 | D:8      | Reached ***** piety under Trog
  9549 | D:8      | Received a gift from Trog
 10016 | D:8      | Reached skill level 13 in Dodging
 10061 | D:9      | Killed a two-headed ogre
 10960 | D:9      | Reached XP level 11. HP: 60/60 MP: 18/18
 11007 | D:9      | Found a runed translucent gate.
 11009 | D:9      | Found a runed translucent gate.
 11010 | D:9      | Found a runed translucent gate.
 11010 | D:9      | Noticed patman's ghost (novice GnMo)
 11012 | D:9      | Identified the +2 whip of Sudden Death {drain, rN+}
 11312 | D:10     | Found a staircase to the Orcish Mines.
 11322 | D:10     | Reached skill level 14 in Dodging
 11322 | D:10     | Received a gift from Trog
 11418 | D:10     | Noticed a death yak
 11421 | D:10     | Noticed a death yak
 11437 | D:10     | Killed a two-headed ogre
 11684 | D:10     | Found a shimmering altar of Xom.
 11697 | D:10     | Found a staircase to the Lair.
 11697 | D:10     | Noticed a death yak
 11839 | D:9      | Killed a death yak
 12863 | D:10     | Killed a death yak
 13497 | D:5      | Bought a scroll of identify for 60 gold pieces
 13497 | D:5      | Bought a sedimented sapphire potion for 27 gold pieces
 13497 | D:5      | Bought a scroll labeled JAIMIO VULL for 30 gold pieces
 13620 | D:11     | Reached skill level 15 in Dodging
 13750 | D:10     | HP: 3/62 [yak (16)]
 14208 | D:11     | Noticed an unseen horror
 14242 | D:11     | Killed an unseen horror
 14702 | D:11     | Reached XP level 12. HP: 60/67 MP: 20/20
 14817 | D:11     | Received a gift from Trog
 14886 | D:11     | Reached skill level 10 in Fighting
 15156 | D:11     | Noticed Grum
 15211 | D:11     | Killed Grum
 15803 | D:12     | Reached skill level 10 in Evocations
 15848 | D:12     | Noticed Psyche
 15859 | D:12     | Killed Psyche
 15859 | D:12     | Reached skill level 16 in Dodging
 16837 | D:12     | Found a snail-covered altar of Cheibriados.
 16838 | D:12     | Found Cheibriados's Comfort Zone.
 17171 | D:12     | Reached skill level 10 in Short Blades
 17735 | D:12     | Received a gift from Trog
 17961 | D:12     | Reached skill level 17 in Dodging
 18268 | D:12     | Slain by a hell knight

Levels and vault maps discovered:
D:1:      dpeg_arrival_caged_fury, layout_loops_ring, hex_large,
          hangedman_decor_growths, kennysheep_flooded_box,
          chequers_serial_rivers_room_b
D:2:      layout_basic, fiery_altar_vehumet, xom_redecorated,
          grunt_temple_overflow_open, chequers_serial_rivers_small_b,
          uniq_sigmund, uniq_natasha
D:3:      layout_basic, first_ration, uniq_crazy_yiuf_cottage
D:4:      layout_rooms, cheibriados_altar_1, minmay_temple_entry_antechambers,
          tso_altar
D:5:      layout_loops_cross, lemuel_round_altar, lemuel_coloured_pillars_altar,
          serial_shops, shop, uniq_edmund, uniq_duvessa
D:6:      layout_layer_cave, nicolae_gozag_seed_capital, uniq_grinder,
          uniq_eustachio
D:7:      layout_rooms, grunt_decor_mini_mirrors
D:8:      layout_rooms, serial_corexii_hall, corexii_hall_statues_l,
          corexii_hall_statues_i, hangedman_pestilent_swarm,
          okawaru_ov_weapons_minmay
D:9:      layout_basic, gammafunk_ghost_nasty_kobolds, interstate_on_off,
          uniq_harold
D:10:     layout_roguey, dpeg_lair_monsters, zombieorc2_lemuel, basic_altar,
          minmay_st_funbox
D:11:     layout_stronghold, uniq_grum
D:12:     layout_basic, minmay_shop_chei, minmay_rotating_lava, uniq_psyche

Skill      XL: |  1  2  3  4  5  6  7  8  9 10 11 12 |
---------------+-------------------------------------+-----
Dodging        | 5 7 8 9 10 12 13 15 17 | 17.0
Fighting       | 3 4 5 6 7 8 9 10 | 10.8
Short Blades   | 4 5 6 7 8 9 10 | 10.2
Evocations     | 2 3 5 6 8 9 10 | 10.8
Slings         | 1 2 |  2.6
Bows           | 2 3 |  3.4
Stealth        | |  0.1

Action                   |  1- 3 |  4- 6 |  7- 9 | 10-12 || total
-------------------------+-------+-------+-------+-------++-------
Melee: Short sword       |    14 |       |    84 |   713 ||   811
       Dagger            |    70 |   241 |   266 |   189 ||   766
       Falchion          |       |       |    44 |       ||    44
 Fire: Hunting sling     |       |       |    47 |       ||    47
       Shortbow          |       |       |     4 |   214 ||   218
Throw: Dart              |       |     9 |    10 |    56 ||    75
       Boomerang         |       |       |       |   133 ||   133
Invok: Berserk           |     1 |     1 |     1 |     2 ||     5
       Trog's Hand       |       |     1 |     2 |     6 ||     9
Evoke: Wand              |       |     1 |     6 |    83 ||    90
       Box of beasts     |       |       |       |     1 ||     1
  Use: Scroll            |       |       |     6 |     7 ||    13
       Potion            |       |       |     2 |     4 ||     6
 Stab: Sleeping          |     2 |     1 |     3 |     9 ||    15
       Invisible         |       |       |     3 |       ||     3
       Distracted        |       |       |     1 |     4 ||     5
       Paralysed         |       |       |       |     2 ||     2
  Eat: Ration            |       |     1 |     3 |     8 ||    12
Armor: Animal skin       |     4 |    15 |     9 |    12 ||    40
       Robe              |       |       |       |     5 ||     5
Dodge: Dodged            |    52 |   186 |   341 |   663 ||  1242
       Rpst.: Falchion   |       |       |    18 |       ||    18

Table legend:
 A = Non-vault XP
 B = Vault XP
 C = Vault XP percentage of total XP
 D = Non-vault monster count
 E = Vault monster count
 F = Vault count percentage of total count
                 A         B        C        D         E       F
            +---------+---------+-------+---------+---------+-------
      Total |   23038 |   11299 |  32.9 |     295 |      88 |  23.0
            +---------+---------+-------+---------+---------+-------
        D:1 |      35 |      68 |  66.0 |      23 |      16 |  41.0
        D:2 |     146 |     256 |  63.7 |      33 |       2 |   5.7
        D:3 |     117 |      42 |  26.4 |      24 |       1 |   4.0
        D:4 |     305 |       0 |   0.0 |       8 |       0 |   0.0
        D:5 |     705 |     367 |  34.2 |      21 |       3 |  12.5
        D:6 |    1004 |     486 |  32.6 |      15 |       2 |  11.8
        D:7 |     701 |       0 |   0.0 |      25 |       0 |   0.0
        D:8 |    1861 |     604 |  24.5 |      20 |       4 |  16.7
        D:9 |    3153 |    2052 |  39.4 |      28 |       3 |   9.7
       D:10 |    4355 |    2698 |  38.3 |      27 |      43 |  61.4
       D:11 |    5457 |     440 |   7.5 |      40 |       3 |   7.0
       D:12 |    5199 |    4286 |  45.2 |      31 |      11 |  26.2
            +---------+---------+-------+---------+---------+-------
